 Dungeon Crawl Stone Soup version 0.14-a0-848-g57a047c (webtiles) character file.

206202 MackTheKnife the Crack Shot (level 17, -1/154 HPs)
             Began as a Centaur Hunter on Nov 14, 2013.
             Was a High Priest of Okawaru.
             Killed from afar by a fire giant (74 damage)
             ... with a fireball
             ... on Level 1 of the Depths on Nov 15, 2013.
             The game lasted 02:41:07 (44543 turns).

MackTheKnife the Crack Shot (Centaur Hunter)       Turns: 44543, Time: 02:41:07

HP  -1/154       AC 27     Str 18      XL: 17   Next: 52%
MP  20/27        EV 23     Int 10      God: Okawaru [*****.]
Gold 1195        SH  0     Dex 17      Spells:  2 memorised, 12 levels left

Res.Fire  : . . .   See Invis. : +   b - +11,+8 longbow "Kithript" {velocity, rC++}
Res.Cold  : + + .   Warding    : .   h - +3 leather armour {rPois}
Life Prot.: . . .   Conserve   : .   (no shield)
Res.Poison: +       Res.Corr.  : .   T - +2 helmet {SInv}
Res.Elec. : .       Clarity    : +   d - +0 cloak
Sust.Abil.: . .     Spirit.Shd : .   j - +2 pair of gloves {Dex+3}
Res.Mut.  : .       Stasis     : .   s - +0 centaur barding
Res.Rott. : .       Flight     : .   u - amulet of clarity
Saprovore : . . .                    N - cursed +6 ring of protection
                                     U - +5 ring of evasion

@: heroism, finesse, very quick, somewhat resistant to hostile enchantments,
stealthy
A: hooves 3, deformed body, herbivore 1, speed 2, fast metabolism 1, tough skin
3
a: Heroism, Finesse, Renounce Religion
}: 2/15 runes: barnacled, gossamer


You were on level 1 of the Depths.
You worshipped Okawaru.
Okawaru was extremely pleased with you.
You were not hungry.

You visited 7 branches of the dungeon, and saw 40 of its levels.
You also visited: Bailey and Ice Cave.

You collected 3788 gold pieces.
You spent 2593 gold pieces at shops.


Innate Abilities, Weirdness & Mutations

You have hooves in place of feet.
Armour fits poorly on your strangely shaped body.
You digest meat inefficiently.
You cover ground very quickly.
You have a fast metabolism.
You have extremely tough skin (AC +3).


   Skills:
 - Level 17.0(22.0) Fighting
 - Level 10.0(15.0) Short Blades
 - Level 22.0(27) Bows
 - Level 1.2(6.2) Armour
 + Level 9.3(14.3) Dodging
 - Level 0.5(5.5) Stealth
 - Level 6.4 Charms
 - Level 6.2 Air Magic
 - Level 9.0 Invocations


You had 12 spell levels left.
You knew the following spells:

 Your Spells              Type           Power        Failure   Level  Hunger
r - Repel Missiles        Chrm/Air       ##........   6%          2    ###....
s - Swiftness             Chrm/Air       ##........   6%          2    ###....

Inventory:

Hand weapons
 a - the +9,+6 sabre "Arcanum" {speed, rC+ Str+3 Int+1}
   (You found it on level 13 of the Dungeon)

   Attacks with this weapon take half as long, but cause slightly less damage.
   It affects your strength (+3).
   It affects your intelligence (+1).
   It protects you from cold.
 b - the +11,+8 longbow "Kithript" (weapon) {velocity, rC++}
   (Okawaru gifted it to you on level 1 of the Spider Nest)

   Any arrow fired from it inflicts extra damage.
   It greatly protects you from cold.
 c - the +6,+7 bow "Stawig" {speed, +Fly MR++ SInv}
   (Okawaru gifted it to you on level 14 of the Dungeon)

   Attacks with this weapon take half as long, but cause slightly less damage.
   It affects your resistance to hostile enchantments.
   It enhances your eyesight.
   It lets you fly.
 Q - the +5,+8 morningstar of Oozing Pus {drain, rN+}
   (You found it on level 3 of the Shoals)

   A truly terrible weapon, it drains the life of those it strikes.
   It protects you from negative energy.
Missiles
 o - 10 poisoned arrows
 q - 25 arrows of flame
 v - 34 arrows of dispersal
 x - 20 arrows of frost
 z - 74 arrows (quivered)
Armour
 d - a +0 cloak (worn)
 h - a +3 leather armour of poison resistance (worn)
 j - a +2 pair of gloves of dexterity (worn)
 s - a +0 centaur barding (worn)
 T - a +2 helmet of see invisible (worn)
Magical devices
 K - a wand of digging (8)
 L - a wand of teleportation (6)
 Z - a wand of disintegration (11)
Comestibles
 f - 11 bread rations
 n - 5 meat rations
 t - 3 pieces of ambrosia {!e}
 A - a royal jelly
Scrolls
 e - 2 scrolls of identify
 g - 2 scrolls of fear
 m - 13 scrolls of teleportation
 p - a scroll of silence
 E - 3 scrolls of blinking
 O - 8 scrolls of remove curse
Jewellery
 u - an amulet of clarity (around neck)
 y - an uncursed amulet of stasis
 H - an uncursed ring of protection from fire
 N - a cursed +6 ring of protection (right hand)
 U - a +5 ring of evasion (left hand)
Potions
 r - 14 potions of curing
 C - a potion of agility
 D - 2 potions of restore abilities
 G - a potion of heal wounds
 J - 2 potions of invisibility
 M - 2 potions of berserk rage
 P - 2 potions of might
 S - 5 potions of speed
 X - 3 potions of resistance
Miscellaneous
 i - a lamp of fire
 k - a sack of spiders
 l - a phial of floods

▒·▒ ▒▒·▒▒▒▒▒▒
▒·······▒
▒··▒▒▒▒·▒
▒····▒▒·▒
·▒▒·▒···▒·▒▒
·············+
·▒▒▒········▒
▒·▒▒·▒▒▒c▒ ▒·
▒·▒ ▒·▒ ▒· ▒··
▒·▒ ▒· ▒▒· ▒·▒
· ▒·▒ · ▒C▒
·(▒ ··( ▒▒▒


You could see a fire giant.


Message History

The fire giant gestures at you while chanting.
The fireball explodes!
The fireball engulfs you!
One of your 15 scrolls of teleportation catches fire!
One of your 5 scrolls of blinking catches fire!
One of your 9 scrolls of remove curse catches fire!
* * * LOW HITPOINT WARNING * * *
Use which ability? (? or * to list)
You gain the combat prowess of a mighty hero.
You feel slightly more hungry.
Unknown command.
Firing (i - inventory. (,) - cycle):
z - 75 arrows (quivered)
Aim: a fire giant, wielding a great sword of flaming (heavily wounded)
You shoot an arrow. The arrow hits the fire giant.
The fire giant is heavily wounded.
Use which ability? (? or * to list)
Okay, then.
Use which ability? (? or * to list)
You can now deal lightning-fast blows.
You feel somewhat more hungry. The fire giant casts a spell at you.
The bolt of fire hits you!
* * * LOW HITPOINT WARNING * * *
Unknown command.
Drink which item? (? for menu, Esc to quit)
You feel much better.
The fire giant points at you and mumbles some strange words.
The fireball explodes!
The fireball engulfs you!
One of your 14 scrolls of teleportation catches fire!
One of your 4 scrolls of blinking catches fire!
You die...

Action                   |  1- 3 |  4- 6 |  7- 9 | 10-12 | 13-15 | 16-18 || total
-------------------------+-------+-------+-------+-------+-------+-------++-------
Melee: Short sword       |    70 |    35 |    54 |    32 |   342 |       ||   533
       War axe           |       |    14 |     7 |       |       |       ||    21
       Sabre             |       |       |       |    25 |   766 |   588 ||  1379
       Unarmed           |       |       |       |       |       |    24 ||    24
 Fire: Bow               |    41 |   104 |   325 |  1253 |   232 |       ||  1955
       Longbow           |       |       |       |       |  1046 |   782 ||  1828
 Cast: Swiftness         |       |       |       |       |     1 |     1 ||     2
       Repel Missiles    |       |       |       |       |       |     1 ||     1
Invok: Heroism           |       |       |       |     1 |    26 |    12 ||    39
       Finesse           |       |       |       |     1 |     5 |     5 ||    11
Evoke: Wand              |       |       |     3 |     3 |     5 |     1 ||    12
       Miscellaneous     |       |       |       |       |     1 |     1 ||     2
  Use: Scroll            |       |    14 |     7 |    15 |    22 |    17 ||    75
       Potion            |       |       |     2 |       |     1 |     4 ||     7
 Stab: Held in net/web   |       |       |       |       |       |     1 ||     1
       Sleeping          |       |       |       |       |       |     1 ||     1

Vault maps used:
D:1:      scummos_entry_forest, minmay_misc_feat_five
D:2:      fountainhead
D:3:      minmay_cupped
D:4:      roderic_lattice_octagonal_star, minmay_temple_entry_glass,
          serial_glass, glass_columns_a, glass_columns_a, glass_columns_c,
          glass_columns_c, glass_columns_b, glass_columns_a, glass_columns_a,
          glass_columns_a, glass_columns_c, glass_columns_a, glass_columns_a,
          glass_columns_b, glass_columns_c, glass_columns_a, uniq_menkaure
D:5:      grunt_temple_overflow_open, first_bread, minivault_19
D:6:      serial_shops, shop_fountains, uniq_duvessa, uniq_blork_the_orc
D:7:      enter_bailey_5, the_bakery
D:9:      stair_cage_cross, uniq_eustachio
D:10:     orc_0_dummy, dpeg_oklobed_lair, serial_shops, shop
D:11:     uniq_erica
D:13:     enter_trove_0, serial_column_ruins, column_ruins_hut_pillars,
          column_ruins_hut_ruined, column_ruins_open_tiny_water,
          column_ruins_columns_dead_end, column_ruins_open_tiny,
          column_ruins_grid_2, column_ruins_open_tiny, xom_shifter_show,
          uniq_sonja
D:14:     serial_shops, shop, shop_coins, minmay_joined_circles, uniq_nergalle
D:15:     grunt_ministairs_10, hangedman_decor_slide_cut, pond
D:16:     gammafunk_enter_depths_grave, serial_shops, shop_statue,
          lemuel_nasty_fountain
Temple:   eino_temple_water_12
Orc:2:    uniq_harold, uniq_erolcha
Orc:3:    basic_altar, serial_shops, shop, guppyfry_orc_lava_fort
Orc:4:    st_orc_pillars
Lair:1:   small_statue_intersection
Lair:3:   infiniplex_staircase_pool_2
Lair:4:   lemuel_old_faithful
Lair:6:   minmay_shoals_entry_lonely_mermaid, nicolae_spider_entry_tight_spaces
Lair:7:   slime_altar_1
Lair:8:   due_jungle_book, portal_ice_cave_entry_animals_and_master
Shoals:1: nicolae_shoals_seven_spires
Shoals:2: serial_shops, shop_fountains, shop_statue, shop, shop_fountains,
          uniq_norris
Shoals:3: nicolae_shoals_circle_sea_wall, shoals_atoll
Shoals:5: serial_shops, shop, shoals_end_simple, shoal_ilsuiw, uniq_saint_roka
Spider:1: nicolae_spider_circle_web, uniq_nessos
Spider:4: uniq_nikola, uniq_kirke, uniq_louise, uniq_jorgrun
Spider:5: grunt_spider_rune_circles
Bailey:   bailey_axe_3, bailey
IceCv:    ice_cave_caverns_03
Depths:1: evilmike_marble_ring, vaults_0_dummy,
          hangedman_abyss_or_decor_lesser_grid, hell_entry, serial_shops, shop,
          abyss_entry, minmay_misc_feat_plants, laboratory, uniq_snorg

Notes
Turn   | Place    | Note
--------------------------------------------------------------
     0 | D:1      | MackTheKnife, the Centaur Hunter, began the quest for the Orb.
     0 | D:1      | Reached XP level 1. HP: 17/17 MP: 0/0
   256 | D:1      | Reached XP level 2. HP: 16/24 MP: 1/1
   262 | D:1      | Reached skill level 6 in Bows
   824 | D:2      | Reached XP level 3. HP: 29/29 MP: 2/2
   943 | D:2      | Reached skill level 7 in Bows
  1010 | D:2      | Reached XP level 4. HP: 34/36 MP: 2/2
  1579 | D:3      | Reached skill level 8 in Bows
  1851 | D:3      | Noticed timbw's ghost (weakling TrFi)
  1875 | D:3      | Killed timbw's ghost
  1875 | D:3      | Reached XP level 5. HP: 41/41 MP: 3/3
  2263 | D:3      | Reached skill level 9 in Bows
  2446 | D:4      | Noticed an ogre
  2448 | D:4      | Killed an ogre
  2448 | D:4      | Reached XP level 6. HP: 48/48 MP: 4/4
  2673 | D:4      | Reached skill level 10 in Bows
  2769 | D:4      | Noticed Menkaure
  2771 | D:4      | Noticed an ogre
  2776 | D:4      | Killed an ogre
  2777 | D:4      | Killed Menkaure
  2777 | D:4      | Reached XP level 7. HP: 15/53 MP: 4/4
  3016 | D:4      | Reached skill level 11 in Bows
  3109 | D:4      | Found a staircase to the Ecumenical Temple.
  3131 | Temple   | Entered the Ecumenical Temple
  3440 | D:5      | Entered Level 5 of the Dungeon
  3773 | D:5      | Reached skill level 12 in Bows
  4185 | D:5      | Found an iron altar of Okawaru.
  4185 | D:5      | Found a glowing silver altar of Zin.
  4187 | D:5      | Found a deep blue altar of Sif Muna.
  4217 | D:5      | Became a worshipper of Warmaster Okawaru
  4370 | D:6      | Found Gade's Magic Scroll Boutique.
  4374 | D:6      | Bought a scroll of enchant armour for 77 gold pieces
  4374 | D:6      | Bought a scroll of enchant weapon II for 77 gold pieces
  4374 | D:6      | Bought a scroll of blinking for 77 gold pieces
  4573 | D:6      | Reached XP level 8. HP: 61/61 MP: 5/5
  4622 | D:6      | Reached skill level 13 in Bows
  4803 | D:6      | Noticed Dowan
  4804 | D:6      | Noticed Duvessa
  4811 | D:6      | Killed Duvessa
  4818 | D:6      | Killed Dowan
  4889 | D:6      | Noticed Blork the orc
  4930 | D:6      | Killed Blork the orc
  4930 | D:6      | Reached skill level 14 in Bows
  4931 | D:6      | Acquired Okawaru's first power
  5241 | D:7      | Reached skill level 15 in Bows
  5314 | D:7      | Reached skill level 2 in Fighting
  5314 | D:7      | Reached XP level 9. HP: 66/68 MP: 6/6
  5347 | D:6      | Reached skill level 3 in Fighting
  5448 | D:7      | Reached skill level 4 in Fighting
  5512 | D:7      | Reached skill level 5 in Fighting
  5693 | D:7      | Reached skill level 6 in Fighting
  5720 | D:7      | Noticed a spriggan baker
  5723 | D:7      | Killed a spriggan baker
  5778 | D:7      | Found a flagged portal.
  5835 | Bailey   | Entered a bailey
  5920 | Bailey   | Reached skill level 7 in Fighting
  5965 | Bailey   | Noticed an orc knight
  5997 | Bailey   | Killed an orc knight
  5997 | Bailey   | Reached skill level 8 in Fighting
  6158 | Bailey   | Found an iron altar of Okawaru.
  6363 | D:8      | Reached XP level 10. HP: 83/83 MP: 6/6
  6562 | D:8      | Reached skill level 9 in Fighting
  7484 | D:9      | Noticed Eustachio
  7491 | D:9      | Killed Eustachio
  8011 | D:9      | Reached skill level 10 in Fighting
  8026 | D:10     | Entered Level 10 of the Dungeon
  8158 | D:10     | Found Wuella's Weapon Shoppe.
  8216 | D:10     | Found a staircase to the Lair.
  8313 | D:10     | You fall through a shaft!
  8373 | D:10     | Found a staircase to the Orcish Mines.
  8611 | Lair:1   | Entered Level 1 of the Lair of Beasts
  8671 | Lair:1   | Learned a level 2 spell: Swiftness
  9007 | Lair:1   | Reached skill level 16 in Bows
  9011 | Lair:1   | Received a gift from Okawaru
  9327 | Lair:2   | Received a gift from Okawaru
  9493 | Lair:2   | Noticed a black mamba
  9497 | Lair:2   | Killed a black mamba
  9497 | Lair:2   | Reached skill level 17 in Bows
  9623 | Lair:2   | Got a shimmering short sword
  9625 | Lair:2   | Identified the +3,+1 short sword of Power {drain, rN+} (You found it on level 2 of the Lair of Beasts)
  9625 | Lair:2   | Identified the +3,+1 short sword of Power {drain, rN+} (You found it on level 2 of the Lair of Beasts)
  9944 | Lair:2   | Reached XP level 11. HP: 92/92 MP: 7/7
 10398 | Lair:3   | Noticed a four-headed hydra
 10436 | Lair:3   | Killed a four-headed hydra
 10436 | Lair:3   | Acquired Okawaru's second power
 10436 | Lair:3   | Received a gift from Okawaru
 10586 | Lair:3   | Reached skill level 18 in Bows
 10714 | Lair:3   | Received a gift from Okawaru
 11312 | Lair:4   | Got a faintly humming chain mail
 11313 | Lair:4   | Identified the cursed -5 chain mail of Liqah {rPois rN+ MR++} (You found it on level 4 of the Lair of Beasts)
 11673 | Lair:4   | Reached skill level 19 in Bows
 11795 | Lair:4   | Received a gift from Okawaru
 11830 | Lair:4   | Received a gift from Okawaru
 12502 | Lair:5   | Received a gift from Okawaru
 12673 | Lair:5   | Reached skill level 20 in Bows
 13109 | Lair:6   | Received a gift from Okawaru
 13153 | Lair:6   | Reached XP level 12. HP: 101/101 MP: 8/8
 13291 | Lair:6   | Received a gift from Okawaru
 13461 | Lair:6   | Found a hole to the Spider Nest.
 14178 | Lair:6   | Found a staircase to the Shoals.
 14612 | Lair:7   | Reached skill level 21 in Bows
 14637 | Lair:7   | Received a gift from Okawaru
 14637 | Lair:7   | Reached skill level 1 in Invocations
 14662 | Lair:7   | Reached skill level 2 in Invocations
 14735 | Lair:7   | Reached skill level 3 in Invocations
 14864 | Lair:7   | Reached skill level 4 in Invocations
 15068 | Lair:7   | Found a staircase to the Slime Pits.
 15071 | Lair:7   | Found a viscous altar of Jiyva.
 15338 | Lair:7   | Reached skill level 5 in Invocations
 15502 | Lair:7   | Reached skill level 6 in Invocations
 15622 | Lair:8   | Entered Level 8 of the Lair of Beasts
 15713 | Lair:8   | Found a frozen archway.
 15714 | Lair:8   | Noticed an ice dragon
 15730 | Lair:8   | Reached skill level 7 in Invocations
 15738 | Lair:8   | Received a gift from Okawaru
 15750 | Lair:8   | Killed an ice dragon
 15750 | Lair:8   | Reached skill level 8 in Invocations
 15770 | Lair:8   | Received a gift from Okawaru
 15848 | IceCv    | Entered an ice cave
 16104 | IceCv    | Reached skill level 9 in Invocations
 16166 | IceCv    | Received a gift from Okawaru
 16169 | IceCv    | Got an encrusted shield {god gift}
 16170 | IceCv    | Identified the +2 shield "Mauhas" {Dex-2 Int+5} (Okawaru gifted it to you in an ice cave)
 16458 | IceCv    | Reached XP level 13. HP: 97/108 MP: 23/23
 16482 | IceCv    | Reached skill level 11 in Fighting
 16984 | IceCv    | Noticed a frost giant
 17666 | IceCv    | Killed a frost giant
 17666 | IceCv    | Reached skill level 12 in Fighting
 18998 | Lair:8   | Received a gift from Okawaru
 19208 | Lair:8   | Noticed an anaconda
 19214 | Lair:8   | Killed an anaconda
 19214 | Lair:8   | Received a gift from Okawaru
 19214 | Lair:8   | Reached skill level 13 in Fighting
 19238 | Lair:8   | Noticed a dire elephant
 19238 | Lair:8   | Noticed a dire elephant
 19254 | Lair:8   | Noticed a dire elephant
 19270 | Lair:8   | Killed a dire elephant
 19278 | Lair:8   | Killed a dire elephant
 19286 | Lair:8   | Killed a dire elephant
 19367 | Lair:8   | Noticed a dire elephant
 19380 | Lair:8   | Killed a dire elephant
 19380 | Lair:8   | Received a gift from Okawaru
 19421 | Lair:8   | Noticed a dire elephant
 19428 | Lair:8   | Killed a dire elephant
 19428 | Lair:8   | Received a gift from Okawaru
 19804 | Orc:1    | Entered Level 1 of the Orcish Mines
 19960 | D:10     | Reached skill level 14 in Fighting
 20857 | Orc:3    | Paralysed by an orc sorcerer for 5 turns
 20905 | Orc:3    | Reached XP level 14. HP: 63/124 MP: 20/24
 20973 | Orc:3    | Received a gift from Okawaru
 20996 | Orc:3    | Found Gitsiret's Gadget Shoppe.
 21008 | Orc:3    | Gitsiret's Gadget Shoppe was a mimic.
 21133 | Orc:3    | Reached skill level 15 in Fighting
 21381 | Orc:3    | Found a staircase to the Elven Halls.
 21450 | Orc:3    | Found a roughly hewn altar of Beogh.
 21537 | Orc:3    | Found Oxuph's Food Shoppe.
 21646 | Orc:4    | Entered Level 4 of the Orcish Mines
 22685 | Orc:4    | Reached skill level 16 in Fighting
 22880 | Orc:4    | Found Xuaqawof's Weapon Emporium.
 22880 | Orc:4    | Found Mnitt's Armour Shoppe.
 22880 | Orc:4    | Found Geurref's Weapon Emporium.
 22880 | Orc:4    | Found Erant's Gadget Emporium.
 22899 | Orc:4    | Bought a +3 leather armour of poison resistance for 412 gold pieces
 22913 | Orc:4    | Bought a lamp of fire for 1300 gold pieces
 23242 | D:11     | Noticed a hill giant
 23250 | D:11     | Killed a hill giant
 23279 | D:11     | Noticed Erica
 23286 | D:11     | Killed Erica
 23911 | D:12     | Received a gift from Okawaru
 24657 | D:13     | Got a crude sabre
 24658 | D:13     | Identified the +9,+6 sabre "Arcanum" {speed, rC+ Str+3 Int+1} (You found it on level 13 of the Dungeon)
 24658 | D:13     | Identified the +9,+6 sabre "Arcanum" {speed, rC+ Str+3 Int+1} (You found it on level 13 of the Dungeon)
 24808 | D:13     | Reached skill level 1 in Short Blades
 25015 | D:13     | Reached skill level 2 in Short Blades
 25160 | D:13     | Noticed Sonja
 25162 | D:13     | Killed Sonja
 25248 | D:13     | Reached skill level 3 in Short Blades
 25465 | D:13     | Found a portal to a secret trove of treasure.
 25683 | D:13     | Reached skill level 4 in Short Blades
 25743 | D:13     | Found a shimmering altar of Xom.
 25746 | D:13     | Found a shimmering altar of Xom.
 25750 | D:13     | Found a shimmering altar of Xom.
 25750 | D:13     | Found a shimmering altar of Xom.
 26452 | D:14     | Received a gift from Okawaru
 26488 | D:14     | Noticed Nergalle
 26493 | D:14     | Killed Nergalle
 26493 | D:14     | Reached skill level 5 in Short Blades
 26806 | D:14     | Reached XP level 15. HP: 38/135 MP: 25/25
 27137 | D:14     | Reached skill level 6 in Short Blades
 27472 | D:14     | Found Pieh's Magic Scroll Emporium.
 27580 | D:14     | Bought a scroll of identify for 36 gold pieces
 27580 | D:14     | Bought a scroll of identify for 36 gold pieces
 27580 | D:14     | Bought a scroll of enchant armour for 99 gold pieces
 27636 | D:14     | Found Saisk's General Store.
 27662 | D:14     | Bought 18 arrows for 46 gold pieces
 27662 | D:14     | Bought a potion of curing for 26 gold pieces
 27776 | D:14     | Received a gift from Okawaru
 27779 | D:14     | Got an ivory bow {god gift}
 27797 | D:14     | Reached skill level 7 in Short Blades
 27882 | D:14     | Identified the +6,+7 bow "Stawig" {speed, +Fly MR++ SInv} (Okawaru gifted it to you on level 14 of the Dungeon)
 27991 | D:15     | Entered Level 15 of the Dungeon
 28519 | D:15     | Reached skill level 8 in Short Blades
 29095 | D:15     | Reached skill level 9 in Short Blades
 29531 | D:15     | Received a gift from Okawaru
 29824 | D:16     | Entered Level 16 of the Dungeon
 30101 | D:16     | Found a gate to the Depths.
 30266 | D:16     | Reached skill level 10 in Short Blades
 31211 | D:16     | Found Caosen's General Store.
 31897 | Lair:2   | Learned a level 2 spell: Repel Missiles
 32177 | Spider:1 | Entered Level 1 of the Spider Nest
 32177 | Spider:1 | Noticed Nessos
 32539 | Spider:1 | Killed Nessos
 32539 | Spider:1 | Received a gift from Okawaru
 32542 | Spider:1 | Got a shimmering longbow {god gift}
 32564 | Spider:1 | Identified the +11,+8 longbow "Kithript" {velocity, rC++} (Okawaru gifted it to you on level 1 of the Spider Nest)
 32564 | Spider:1 | Identified the +11,+8 longbow "Kithript" {velocity, rC++} (Okawaru gifted it to you on level 1 of the Spider Nest)
 33086 | Spider:1 | You fall through a shaft!
 33099 | Spider:2 | Reached skill level 17 in Fighting
 33327 | Spider:2 | Reached skill level 2 in Dodging
 33572 | Spider:2 | Reached skill level 3 in Dodging
 33831 | Spider:2 | Received a gift from Okawaru
 34280 | Spider:3 | Reached skill level 4 in Dodging
 34317 | Spider:3 | Reached XP level 16. HP: 138/146 MP: 26/26
 34910 | Spider:3 | Reached skill level 5 in Dodging
 35373 | Spider:4 | Noticed Jorgrun
 35393 | Spider:4 | Killed Jorgrun
 35488 | Spider:4 | Noticed Kirke
 35496 | Spider:4 | Killed Kirke
 35496 | Spider:4 | Reached skill level 6 in Dodging
 35567 | Spider:4 | Noticed Nikola
 35649 | Spider:4 | Noticed Louise
 36784 | Shoals:1 | Entered Level 1 of the Shoals
 37788 | Shoals:2 | Found Breowaj's Distillery.
 37808 | Shoals:2 | Found Grihugia's Magical Wand Boutique.
 37826 | Shoals:2 | Found Shysm's Gadget Boutique.
 37839 | Shoals:2 | Reached skill level 22 in Bows
 37843 | Shoals:2 | Noticed Norris
 37863 | Shoals:2 | Killed Norris
 37863 | Shoals:2 | Reached skill level 2 in Charms
 37863 | Shoals:2 | Reached skill level 1 in Air Magic
 37932 | Shoals:2 | Bought 2 potions of speed for 176 gold pieces
 37932 | Shoals:2 | Bought a potion of might for 40 gold pieces
 37932 | Shoals:2 | Bought a potion of slowing for 16 gold pieces
 37969 | Shoals:2 | Found Hometz's Assorted Antiques.
 37976 | Shoals:2 | Bought a scroll of identify for 78 gold pieces
 37994 | Shoals:2 | Reached skill level 2 in Air Magic
 38325 | Shoals:3 | Received a gift from Okawaru
 38325 | Shoals:3 | Reached skill level 3 in Charms
 38354 | Shoals:3 | Got a polished morningstar
 38356 | Shoals:3 | Identified the +5,+8 morningstar of Oozing Pus {drain, rN+} (You found it on level 3 of the Shoals)
 38368 | Shoals:3 | Reached skill level 3 in Air Magic
 38663 | Shoals:4 | Received a gift from Okawaru
 38856 | Shoals:4 | Reached skill level 4 in Charms
 39107 | Shoals:4 | Reached skill level 4 in Air Magic
 39428 | Shoals:5 | Entered Level 5 of the Shoals
 39495 | Shoals:5 | Noticed Saint Roka
 39697 | Shoals:5 | Noticed patman's ghost (powerful DDFi)
 39744 | Shoals:5 | Killed patman's ghost
 39744 | Shoals:5 | Reached skill level 5 in Charms
 39916 | Shoals:5 | Reached skill level 5 in Air Magic
 39960 | Shoals:5 | Received a gift from Okawaru
 39981 | Shoals:5 | Got a barnacled rune of Zot
 40062 | Shoals:5 | Found Baokhluof's Book Shop.
 40781 | Spider:4 | Killed Louise
 40781 | Spider:4 | Received a gift from Okawaru
 40781 | Spider:4 | Reached skill level 6 in Charms
 40781 | Spider:4 | Reached XP level 17. HP: 124/154 MP: 25/27
 40937 | Spider:4 | Killed Nikola
 40937 | Spider:4 | Reached skill level 6 in Air Magic
 41000 | Spider:4 | Received a gift from Okawaru
 41004 | Spider:4 | Got a pair of ichor-stained gloves {god gift}
 41005 | Spider:4 | Identified the -2 pair of gloves of Mezcal {Str+2 Dex+2} (Okawaru gifted it to you on level 4 of the Spider Nest)
 41087 | Spider:4 | Reached skill level 1 in Armour
 41089 | Spider:4 | Reached skill level 7 in Dodging
 41454 | Spider:5 | Entered Level 5 of the Spider Nest
 42120 | Spider:5 | Reached skill level 8 in Dodging
 42904 | Spider:5 | Got a gossamer rune of Zot
 43014 | Spider:5 | Reached skill level 9 in Dodging
 44429 | D:16     | Bought a scroll of silence for 97 gold pieces
 44445 | Depths:1 | Entered Level 1 of the Depths
 44543 | Depths:1 | Killed from afar by a fire giant

Vanquished Creatures
  Norris (Shoals:2)
  Nikola (Spider:4)
  A kraken (Shoals:3)
  Kirke (Spider:4)
  A frost giant (IceCv)
  Louise (Spider:4)
  The ghost of patman the Severer, a powerful DDFi of Makhleb (Shoals:5)
  3 emperor scorpions (Spider:5)
  Jorgrun (Spider:4)
  5 dire elephants (Lair:8)
  2 merfolk javelineers
  3 merfolk impalers
  2 sirens
  A fire dragon (D:15)
  3 hydras
  An ice dragon (Lair:8)
  5 merfolk aquamancers
  Nessos (Spider:1)
  Erica (D:11)
  An anaconda (Lair:8)
  A death yak (IceCv)
  6 orc high priests
  4 centaur warriors
  Nergalle (D:14)
  5 skeletal warriors
  2 unseen horrors
  10 hill giants
  10 sea snakes
  An ice statue (IceCv)
  A wizard (D:16)
  A wolf spider zombie (D:16)
  A giant amoeba (D:15)
  A necromancer (D:16)
  4 orc sorcerers
  15 orc knights
  25 wolf spiders
  9 cyclopes
  A moth of wrath (Spider:5)
  7 elephants (Lair:8)
  4 octopodes
  2 red wasps
  5 spiny frogs
  2 efreet (D:13)
  A draconian (shapeshifter) (D:13)
  2 feature mimics
  2 black mambas
  5 yaktaurs (D:15)
  A hellwing (Orc:4)
  10 demonic crawlers
  An iron devil (Orc:4)
  2 fire drakes (Lair:7)
  A spriggan (D:7)
  A formicid venom mage (Spider:4)
  6 mermaids
  3 hydra zombies
  4 komodo dragons
  23 orb spiders
  6 trolls
  A spriggan (shapeshifter) (D:14)
  Sonja (D:13)
  14 polar bears
  A formicid drone (Spider:2)
  30 jumping spiders
  3 boulder beetles
  3 two-headed ogres
  14 blink frogs
  A griffon zombie (D:16)
  10 snapping turtles
  A fire dragon zombie (D:16)
  17 slime creatures
  2 shadows
  3 basilisks
  10 sharks
  A wandering mushroom (D:15)
  9 ugly things
  A ynoxinul (Orc:4)
  A tarantella (shapeshifter) (Depths:1)
  2 wyverns (D:13)
  27 redbacks
  18 tarantellas
  4 hill giant zombies
  5 water elementals
  8 wraiths
  19 hippogriffs
  22 trapdoor spiders
  51 yaks
  Eustachio (D:9)
  32 merfolk
  3 hogs (Spider:4)
  3 hungry ghosts
  5 vampire mosquitoes (D:15)
  An elephant slug (Lair:6)
  Menkaure (D:4)
  26 wolves
  15 porcupines
  7 ice beasts
  3 giant goldfish
  A phantom (D:10)
  A swamp drake (D:15)
  A black bear (D:13)
  12 ogres
  3 sky beasts
  A centaur (D:6)
  35 orc warriors
  A yellow wasp (D:9)
  2 boring beetles
  4 crocodiles
  A fire crab zombie (D:16)
  A rotting devil (Orc:4)
  Duvessa (D:6)
  2 lava worms (Lair:1)
  A brain worm (D:14)
  4 wargs
  2 formicids
  15 giant frogs
  8 giant slugs
  Blork the orc (D:6)
  A giant slug zombie (D:15)
  A gnoll sergeant (D:7)
  A manticore zombie (D:13)
  14 water moccasins
  10 manticores
  9 agate snails
  4 cyclops zombies
  A manticore skeleton (D:14)
  3 big kobolds
  A wyvern skeleton (D:14)
  3 jellyfish
  A lava fish (Lair:1)
  A yak zombie (D:13)
  A troll zombie (D:15)
  10 killer bees
  6 electric eels
  A troll skeleton (D:14)
  16 wights
  Dowan (D:6)
  10 crimson imps
  A yaktaur simulacrum (D:16)
  5 goliath beetles
  A basilisk zombie (D:14)
  4 jellies
  2 lava snakes (Lair:1)
  3 big fish
  A giant frog zombie (D:9)
  33 orc priests
  8 hounds
  8 scorpions
  A giant frog skeleton (D:13)
  3 iguanas
  31 orc wizards
  38 spiders
  A warg zombie (Orc:3)
  A cyclops simulacrum (D:16)
  13 worker ants
  2 big kobold zombies
  The ghost of timbw the Shield-Bearer, a weakling TrFi (D:3)
  8 sheep (Lair:5)
  A big kobold skeleton (D:11)
  A crocodile skeleton (D:8)
  17 gnolls
  2 mummies
  80 green rats
  A worker ant zombie (D:7)
  15 adders
  7 giant centipedes
  5 giant mites
  3 worms
  An adder skeleton (D:6)
  A giant eyeball (D:6)
  12 giant geckos
  An ooze (D:5)
  212 orcs
  2 ball pythons
  10 bats
  20 goblins
  21 hobgoblins
  16 jackals
  34 kobolds
  19 quokkas
  4 giant cockroaches
  2 giant newts
  A giant newt zombie (D:5)
  2 giant spores
  A hobgoblin skeleton (D:5)
  2 orc zombies
  24 rats
  9 ballistomycetes
  A fungus (Lair:8)
  7 plants
  3 tentacles (Shoals:3)
1492 creatures vanquished.

Vanquished Creatures (collateral kills)
  2 spiders (Spider:4)
2 creatures vanquished.

Vanquished Creatures (others)
  A water elemental (Orc:3)
  A centaur (D:16)
  A giant frog (D:16)
  A spider (Spider:4)
  3 fungi
  3 plants
  6 tentacles (Shoals:3)
  148 tentacle segments (Shoals:3)
164 creatures vanquished.

Grand Total: 1658 creatures vanquished
